 Dungeon Crawl Stone Soup version 0.29.1-12-g30fa7ad0bf (webtiles) character file.

Game seed: 1633615621350306606

28272 wormed the Severer (level 13, -9/130 HPs)
             Began as a Hill Orc Fighter on Dec 21, 2022.
             Was a High Priest of the Shining One.
             Mangled by Rupert
             ... wielding a +2 great mace of holy wrath
              (25 damage)
             ... on level 3 of the Lair of Beasts.
             The game lasted 00:38:17 (17398 turns).

wormed the Severer (Hill Orc Fighter)              Turns: 17398, Time: 00:38:17

Health: -9/130     AC: 21    Str: 27    XL:     13   Next: 37%
Magic:  0/13       EV:  7    Int:  4    God:    the Shining One [*****.]
Gold:   526        SH:  6    Dex: 10    Spells: 12/12 levels left

rFire   + . .      SeeInvis .   I - +0 broad axe
rCold   + + .      Faith    .   c - +0 buckler
rNeg    + + +      Spirit   +   e - +0 plate armour
rPois   +          Reflect  .   (helmet restricted)
rElec   +          Harm     .   y - +2 ratskin cloak {*Rats rPois rN+ Str-1 Int-1 Dex+1}
rCorr   +          Rampage  .   E - +0 pair of gloves
Will    +....                   P - +0 pair of boots
Stlth   ..........              t - amulet of guardian spirit
HPRegen 0.31/turn               m - ring of protection from cold
MPRegen 0.13/turn               C - ring of willpower

@: resistant, hasted, glowing, very quick
A: horns 1, dopey 1, robust 1, strong 1
a: Renounce Religion, Divine Shield, Cleansing Flame, Summon Divine Warrior


You were on level 3 of the Lair of Beasts.
You worshipped the Shining One.
The Shining One was extremely pleased with you.
You visited 3 branches of the dungeon, and saw 16 of its levels.

You collected 950 gold pieces.
You spent 424 gold pieces at shops.

Inventory:

Hand Weapons
 I - a +0 broad axe (weapon)
 O - a +3 whip of freezing
Missiles
 n - 11 javelins (quivered)
Armour
 c - a +0 buckler (worn)
 e - a +0 plate armour (worn)
 y - the +2 ratskin cloak (worn) {*Rats rPois rN+ Str-1 Int-1 Dex+1}
   (You found it on level 4 of the Dungeon)

   When the wearer is hurt, rats may emerge from it to assist them.
   Str:       It affects your strength (-1).
   Int:       It affects your intelligence (-1).
   Dex:       It affects your dexterity (+1).
   rPois:     It protects you from poison.
   rN:        It protects you from negative energy.
 z - a +0 helmet
 E - a +0 pair of gloves (worn)
 P - a +0 pair of boots (worn)
Jewellery
 m - a ring of protection from cold (left hand)
 t - an amulet of guardian spirit (around neck)
 C - a ring of willpower (right hand)
 R - a ring of flight
Wands
 a - a wand of polymorph (3)
 o - a wand of iceblast (14)
 J - a wand of digging (14)
 K - a wand of acid (5)
 S - a wand of paralysis (6)
Scrolls
 g - 2 scrolls of magic mapping
 i - 4 scrolls of enchant weapon
 j - 10 scrolls of teleportation
 k - 5 scrolls of enchant armour
 q - 3 scrolls of immolation
 r - 5 scrolls of amnesia
 s - 3 scrolls of fear
 u - a scroll of summoning {unknown}
 v - a scroll of torment
 x - 3 scrolls of poison
 A - a scroll of silence
 B - a scroll of noise
 H - 4 scrolls of butterflies
 M - 3 scrolls of vulnerability {unknown}
 N - 3 scrolls of acquirement {unknown}
 Q - 2 scrolls of brand weapon {unknown}
Potions
 b - 3 potions of lignification
 d - 3 potions of might
 h - 3 potions of curing
 l - 3 potions of cancellation
 p - a potion of resistance
 w - 3 potions of flight
 D - 3 potions of attraction
 F - 2 potions of invisibility
 G - a potion of ambrosia
Miscellaneous
 L - a lightning rod (4/4)


   Skills:
 + Level 12.6 Fighting
 - Level 18.0 Axes
 + Level 11.6 Armour
 + Level 11.7 Shields


You had 12 spell levels left.
You didn't know any spells.
Your spell library contained the following spells:

 Spells                   Type           Power      Damage    Failure   Level
 Beastly Appendage        Tmut           0%         N/A       99%         1
 Foxfire                  Conj/Fire      0%         2x1d4     99%         1
 Sting                    Tmut/Pois      0%         1d3       99%         1
 Summon Small Mammal      Summ           0%         N/A       99%         1
 Poisonous Vapours        Pois/Air       0%         N/A       100%        2
 Wereblood                Tmut           0%         N/A       100%        2
 Call Canine Familiar     Summ           0%         N/A       100%        3
 Conjure Flame            Conj/Fire      0%         6-21      100%        3
 Inner Flame              Hex/Fire       0%         N/A       100%        3
 Portal Projectile        Hex/Tloc       0%         N/A       100%        3
 Spider Form              Tmut/Pois      0%         N/A       100%        3
 Summon Guardian Golem    Hex/Summ       0%         N/A       100%        3
 Flame Wave               Conj/Fire      0%         2d4       100%        4
 Leda's Liquefaction      Hex/Erth       0%         N/A       100%        4
 Olgreb's Toxic Radiance  Pois           0%         N/A       100%        4


Dungeon Overview and Level Annotations

Branches:
Dungeon (11/15)            Temple (0/1) D:6            Lair (4/5) D:11
 Shoals (0/4) Lair:3        Snake (0/4) Lair:2          Orc (1/2) D:10
  Slime: Lair:4-5

Altars:
Ashenzari
Dithmenos
Gozag
Makhleb
Sif Muna
Trog
Vehumet
Wu Jian
The Shining One

Shops:
D:6 ?(=

Annotations:
Lair:3 Fannar, Rupert


Innate Abilities, Weirdness & Mutations

You have a pair of small horns on your head.
You are dopey. (Int -2)
You are robust. (+10% HP)
Your muscles are strong. (Str +4, Int/Dex -1)


Message History

You block the ice beast's attack.
Rupert hits you with a +2 great mace of holy wrath!!
You slice Rupert!!
Rupert is moderately wounded.
You slash the ice beast!
You kill the ice beast!
The ice beast disappears in a puff of smoke!
Rupert hits you with a +2 great mace of holy wrath.
You slice Rupert!! You headbutt Rupert!
Rupert is heavily wounded.
Rupert barely misses you.
You slice Rupert!! You headbutt Rupert.
Rupert is severely wounded.
Rupert hits you but does no damage.
You hit Rupert but do no damage. You headbutt Rupert, but do no damage.
Rupert is severely wounded.
Rupert hits you with a +2 great mace of holy wrath!!!
Rupert hits you with a +2 great mace of holy wrath!!
* * * LOW HITPOINT WARNING * * *
You hit Rupert but do no damage. Your headbutt misses Rupert.
Rupert is severely wounded.
You barely miss the ice beast.
Rupert hits you with a +2 great mace of holy wrath!
* * * LOW HITPOINT WARNING * * *
You hit Fannar but do no damage. Your headbutt misses Fannar.
Fannar is severely wounded.
You slash the ice beast! You barely miss Rupert.
Fannar hits you but does no damage.
The ice beast hits you but does no damage.
Rupert barely misses you.
You feel yourself speed up. Fannar hits you but does no damage.
The ice beast hits you but does no damage.
You block Rupert's attack.
Fannar hits you with a +0 quarterstaff of freezing.
* * * LOW HITPOINT WARNING * * *
Fannar mumbles some strange words.
Fannar blinks!
Rupert attacks as you move away!
Rupert hits you with a +2 great mace of holy wrath!!
You die...

...# #.#.#..P..'....## ##.. ....#
##..'.P...#..#.# ## #...
...######.....#..##+#.. #.#P##...
#...##..##.#..'........ .........
#..................P##.######....
+..................# ## #P....
.........##.....<..# #P....
......>..###.......## ##....
........###.....@..P# #....
........# ##....@..### ##....
.....^.## ##...YY§...# # ##.P...
.......# #.........#..#.##.PP...
.......#####......>..............
.###...##.#........e.............
...#)............................
...........####.#.#..............
........(..## #.#####............


You could see Rupert (berserk), Fannar (fast) and 2 ice beasts.

Vanquished Creatures
  The ghost of Taitrol the Grappler, a journeyman TrFi of Zin (Lair:1)
  A boulder beetle (Lair:3)
  2 hydras (D:11)
  6 death yaks (Lair:3)
  Urug (Lair:3)
  Nergalle (Lair:3)
  Amaemon (Lair:3)
  A manticore (Lair:3)
  A cyclops (D:11)
  2 black mambas (Lair:2)
  A gargoyle (D:11)
  An orange demon (Lair:3)
  8 cane toads
  5 komodo dragons
  An unseen horror (D:10)
  2 rime drakes
  2 trolls
  3 polar bears
  A wind drake (Lair:3)
  2 hornets
  10 blink frogs
  3 wraiths
  A shadow (D:11)
  24 yaks
  2 wyverns
  2 vampires
  2 steam dragons
  A human (D:9)
  2 basilisks (Lair:1)
  4 water moccasins
  3 black bears
  4 orc warriors
  2 sky beasts (D:7)
  2 ice beasts
  4 wolves (Lair:2)
  2 ogres
  6 centaurs
  2 kobold brigands
  10 bullfrogs
  2 scorpions
  8 wights (D:9)
  7 killer bees
  2 howler monkeys
  8 orc priests
  3 gnoll boudas
  4 hounds
  3 iron imps (D:5)
  3 iguanas
  6 orc wizards
  4 hell rats (Lair:3)
  Robin (D:4)
  14 gnolls
  12 adders
  A shadow imp (D:6)
  3 white imps
  2 worms
  A dart slug (D:5)
  25 orcs
  6 ball pythons
  7 endoplasms
  4 giant cockroaches
  14 hobgoblins
  7 jackals
  9 kobolds
  7 quokkas
  2 bats
  5 frilled lizards
  10 goblins
  3 rats
312 creatures vanquished.

Vanquished Creatures (collateral kills)
  A komodo dragon (Lair:1)
  2 yaks (Lair:1)
  A jelly (D:5)
  A gnoll (D:5)
  An orc (D:7)
6 creatures vanquished.

Vanquished Creatures (others)
  9 fungi
  59 plants
68 creatures vanquished.

Grand Total: 386 creatures vanquished

Notes
Turn   | Place    | Note
-------+----------+-------------------------------------------
     0 | D:1      | wormed the Hill Orc Fighter began the quest for the Orb.
     0 | D:1      | Reached XP level 1. HP: 19/19 MP: 1/1
     2 | D:1      | You fall into a shaft and drop 1 floor!
   197 | D:2      | Reached skill level 3 in Axes
   197 | D:2      | Reached XP level 2. HP: 20/27 MP: 2/2
   656 | D:1      | Reached XP level 3. HP: 27/33 MP: 3/3
  1351 | D:2      | Reached skill level 4 in Axes
  1552 | D:3      | Reached XP level 4. HP: 39/40 MP: 4/4
  1569 | D:3      | Found a shimmering blue altar of Sif Muna.
  1576 | D:3      | Found a radiant altar of Vehumet.
  1576 | D:3      | Found a bloodstained altar of Trog.
  1576 | D:3      | Found a broken altar of Ashenzari.
  1726 | D:3      | Found a glowing golden altar of the Shining One.
  1737 | D:3      | Became a worshipper of the Shining One
  2297 | D:4      | Noticed a scorpion
  2303 | D:4      | Killed a scorpion
  2304 | D:4      | Reached XP level 5. HP: 28/47 MP: 2/5
  2485 | D:4      | Reached skill level 5 in Axes
  2529 | D:4      | Reached XP level 6. HP: 21/53 MP: 3/6
  2837 | D:4      | Found the +2 ratskin cloak {*Rats rPois rN+ Str-1 Int-1
                  | Dex+1}
  2929 | D:4      | Found an ornate altar of the Wu Jian Council.
  3187 | D:4      | Reached skill level 5 in Fighting
  3235 | D:4      | Noticed Robin
  3242 | D:4      | Reached skill level 6 in Axes
  3245 | D:4      | Killed Robin
  3574 | D:5      | Entered Level 5 of the Dungeon
  3596 | D:5      | Reached * piety under the Shining One
  3610 | D:5      | Reached XP level 7. HP: 37/61 MP: 4/7
  3963 | D:5      | Reached skill level 5 in Armour
  3963 | D:5      | Reached skill level 5 in Shields
  4171 | D:5      | Found a burning altar of Makhleb.
  4194 | D:5      | Reached skill level 7 in Axes
  4423 | D:5      | Reached XP level 8. HP: 70/70 MP: 8/8
  4526 | D:6      | Found Cureoffu's Magic Scroll Shop.
  4599 | D:6      | Bought a scroll of identify for 26 gold pieces
  4599 | D:6      | Bought a scroll of enchant weapon for 97 gold pieces
  4599 | D:6      | Bought a scroll of identify for 26 gold pieces
  4641 | D:6      | Reached skill level 8 in Axes
  4658 | D:6      | Found a staircase to the Ecumenical Temple.
  4728 | D:6      | Found Jiacaf's Jewellery Shoppe.
  4764 | D:6      | Found Hudal's Antique Weapon Boutique.
  5115 | D:6      | Reached skill level 9 in Axes
  5448 | D:7      | Reached ** piety under the Shining One
  5604 | D:7      | Gained mutation: You are dopey. (Int -2) [potion of
                  | mutation]
  5604 | D:7      | Gained mutation: Your muscles are strong. (Str +4, Int/Dex
                  | -1) [potion of mutation]
  5604 | D:7      | Gained mutation: You have a pair of small horns on your
                  | head. [potion of mutation]
  5604 | D:7      | Gained mutation: You are robust. (+10% HP) [potion of
                  | mutation]
  5729 | D:7      | Noticed a wyvern
  5734 | D:7      | Killed a wyvern
  5735 | D:7      | Reached XP level 9. HP: 58/86 MP: 5/9
  5874 | D:7      | Reached skill level 10 in Axes
  6555 | D:8      | Reached skill level 11 in Axes
  6576 | D:8      | Reached XP level 10. HP: 39/96 MP: 5/10
  6879 | D:8      | Identified the +1 ring mail of Hairy Birdsong {Fly Str+2}
  6967 | D:8      | Found an opulent altar of Gozag.
  7837 | D:9      | Reached skill level 12 in Axes
  8073 | D:9      | Reached *** piety under the Shining One
  8268 | D:6      | Bought a ring of willpower for 275 gold pieces
  8534 | D:9      | Reached skill level 13 in Axes
  8982 | D:10     | Entered Level 10 of the Dungeon
  9308 | D:10     | Found a staircase to the Orcish Mines.
  9392 | D:10     | Reached XP level 11. HP: 106/106 MP: 11/11
  9657 | D:10     | Found a shadowy altar of Dithmenos.
  9990 | D:10     | Reached skill level 14 in Axes
 10429 | Orc:1    | Entered Level 1 of the Orcish Mines
 10492 | D:11     | Noticed a seven-headed hydra
 10584 | D:11     | Killed a seven-headed hydra
 10702 | D:11     | Noticed a cyclops
 10715 | D:11     | Killed a cyclops
 10716 | D:11     | Reached skill level 10 in Fighting
 11198 | D:11     | Noticed a six-headed hydra
 11210 | D:11     | Killed a six-headed hydra
 11398 | D:11     | Reached **** piety under the Shining One
 11405 | D:11     | Found a staircase to the Lair.
 11420 | D:11     | Reached skill level 15 in Axes
 11626 | Lair:1   | Entered Level 1 of the Lair of Beasts
 11626 | Lair:1   | Noticed Taitrol's ghost (journeyman TrFi)
 11626 | Lair:1   | Found a runed translucent door.
 11644 | Lair:1   | Killed Taitrol's ghost
 12454 | Lair:1   | Reached XP level 12. HP: 113/118 MP: 10/12
 12460 | Lair:1   | Reached skill level 10 in Armour
 12474 | Lair:1   | Reached skill level 10 in Shields
 13408 | Lair:2   | Found a staircase to the Snake Pit.
 13471 | Lair:2   | Reached skill level 16 in Axes
 13917 | Lair:2   | You fall into a shaft and drop 2 floors!
 13917 | Lair:4   | Noticed a catoblepas
 13934 | Lair:3   | Noticed Amaemon
 14945 | Lair:3   | Noticed Nergalle
 14949 | Lair:3   | Noticed Urug
 15026 | Lair:3   | Reached skill level 17 in Axes
 15083 | Lair:3   | Killed Amaemon
 15190 | Lair:3   | Noticed Rupert
 15201 | Lair:3   | Noticed a boulder beetle
 15824 | Lair:3   | Killed Nergalle
 15845 | Lair:3   | Noticed a death yak
 15845 | Lair:3   | Noticed a death yak
 15845 | Lair:3   | Noticed a death yak
 15845 | Lair:3   | Noticed a death yak
 15871 | Lair:3   | Killed a death yak
 15876 | Lair:3   | Noticed a death yak
 15876 | Lair:3   | Noticed a death yak
 15887 | Lair:3   | Killed a death yak
 15888 | Lair:3   | Reached XP level 13. HP: 120/129 MP: 11/13
 15928 | Lair:3   | Reached ***** piety under the Shining One
 16576 | Lair:3   | Reached skill level 18 in Axes
 16608 | Lair:3   | Killed Urug
 17052 | Lair:3   | Found a staircase to the Shoals.
 17073 | Lair:3   | Noticed Fannar
 17398 | Lair:3   | Mangled by Rupert

Illustrated notes

Levels and vault maps discovered:
D:1:      dpeg_arrival_ternary, layout_rooms, feat_on_display
D:2:      layout_rooms, bh_walls_and_bars
D:3:      layout_rooms, mainiacjoe_overflow_paths,
          gammafunk_temple_overflow_claw, mainiacjoe_overflow_brackets,
          chequers_serial_rivers_small_3
D:4:      kennysheep_six_static_rooms, layout_cave_pods,
          nzn_wu_jian_contemplation, uniq_robin
D:5:      layout_rooms, demons_altar
D:6:      layout_cave_pools, minmay_temple_entry_overgrown, serial_shops, shop,
          nicolae_shop_stone, nicolae_shop_hallway_plus
D:7:      layout_loops_cross
D:8:      layout_basic, lemuel_tele_altar, chequers_ossuary_entry_cave
D:9:      layout_cave_pools
D:10:     layout_irregular_city, grunt_dithmenos_smoke, erik_orc_4
D:11:     layout_roguey, david_lair_shrubbed
Lair:1:   layout_small_grid, hellmonk_ghost_happy_afterlife,
          chequers_serial_rivers_small_b
Lair:2:   layout_hall_layers, dummy_snake_entry, grunt_megastairs_1
Lair:3:   layout_chaotic_city, minmay_shoals_entry_beasts, uniq_amaemon,
          uniq_fannar, uniq_nergalle, uniq_urug, uniq_rupert
Lair:4:   layout_regular_city
Orc:1:    layout_diamond_mine, basic_altar

Skill      XL: |  1  2  3  4  5  6  7  8  9 10 11 12 13 |
---------------+----------------------------------------+-----
Axes           | 3 4 5 6 7 9 11 13 15 17 18 | 18.0
Fighting       | 4 5 7 8 9 10 12 | 12.6
Shields        | 4 5 6 7 8 9 11 | 11.7
Armour         | 4 5 6 7 8 9 11 | 11.6

Action                   |  1- 3 |  4- 6 |  7- 9 | 10-12 | 13-15 || total
-------------------------+-------+-------+-------+-------+-------++-------
Melee: War axe           |   101 |   161 |   204 |   471 |       ||   937
       Headbutt          |       |       |    20 |   169 |    44 ||   233
       Whip              |       |       |       |    13 |       ||    13
       Broad axe         |       |       |       |    87 |   127 ||   214
  Use: Scroll            |     1 |     3 |    11 |    10 |     2 ||    27
       Potion            |       |       |     2 |     3 |     5 ||    10
Armor: Scale mail        |    10 |       |       |       |       ||    10
       Plate armour      |    71 |   116 |   126 |   327 |    49 ||   689
       Skin              |       |       |     1 |       |       ||     1
Dodge: Dodged            |    37 |    43 |    41 |   169 |    22 ||   312
Block: Buckler           |    30 |    42 |    39 |   141 |    22 ||   274
